AoeStats
← jphilkill

Nomad

508217704Analyzed
4v4 RM · 11d ago on Sep 21, 2026· 63m 54s· 8 players
Game mode
Random Map
Map size
231×231
Population
200
Speed
Normal
Resources
Standard
Victory
Conquest
Starting age
Dark Age
Ending age
Imperial Age
RankedLock teamsTeams togetherTeam positionsShared explorationLock speedFull tech treeHidden civsTurbo modeCheats
Victory
Defeat
🇩🇪 Huns · Germany
834
+13
🇪🇸 Franks · Spain
800
+14
🇭🇰 Burgundians · Hong Kong SAR China
768
+15
🇺🇸 Persians · United States
701
+19
🇨🇳 Tatars · China
819
-17
🇨🇳 Gurjaras · China
746
-15
🇨🇳 Franks · China
742
-15
🇧🇷 Persians · Brazil
720
-14
[PKT]Luixpozo
6:04 Loom
14:23 Feudal Age
16:42 Man-at-Arms
25:55 Castle Age
29:13 Pikeman
33:15 Scale Barding Armor
35:25 Husbandry
41:15 Imperial Age
42:50 Cavalier
44:02 Chain Barding Armor
55:44 Paladin
jphilkill
4:34 Loom
21:55 Feudal Age
30:26 Castle Age
28:54 Scale Mail Armor
29:04 Forging
29:44 Double-Bit Axe
34:03 Bow Saw
34:56 Wheelbarrow
36:07 Gold Mining
36:08 Stone Mining
36:44 Horse Collar
37:11 Pikeman
38:09 Chain Mail Armor
38:00 Scale Barding Armor
46:03 Fishing Lines
48:32 Bloodlines
48:22 Husbandry
48:45 Chain Barding Armor
49:18 Marauders
52:23 Imperial Age
50:48 Iron Casting
51:17 Gillnets
52:36 Hand Cart
53:33 Conscription
53:49 Elite Tarkan
55:49 Heavy Plow
56:53 Two-Man Saw
57:06 Plate Barding Armor
57:32 Blast Furnace
57:43 Medium Warships
58:33 Fletching
58:44 Padded Archer Armor
RadCargo6254
3:43 Loom
4:39 Loom
16:25 Feudal Age
17:14 Double-Bit Axe
17:21 Fishing Lines
20:33 Bloodlines
24:41 Castle Age
25:55 Husbandry
31:02 Fletching
32:32 Wheelbarrow
34:09 Bow Saw
34:26 Murder Holes
43:03 Kamandaran
43:46 Gillnets
44:16 Gold Mining
44:17 Stone Mining
43:54 Elite Skirmisher
45:00 Parthian Tactics
49:06 Hand Cart
49:08 Town Watch
53:09 Imperial Age
55:31 Gold Shaft Mining
55:32 Stone Shaft Mining
56:16 Cavalier
58:30 Town Patrol
60:22 Savar
踏马就一刀
16:20 Feudal Age
17:00 Double-Bit Axe
20:51 Bow Saw
30:06 Castle Age
30:20 Cavalier
31:04 Husbandry
49:04 Forging
49:00 Scale Barding Armor
48:59 Scale Mail Armor
51:23 Pikeman
52:03 Squires
57:02 Iron Casting
56:44 Chain Mail Armor
56:49 Chain Barding Armor
Dolfisgamer
3:38 Loom
18:49 Feudal Age
20:51 Double-Bit Axe
20:58 Gold Mining
20:52 Horse Collar
28:31 Wheelbarrow
28:15 Bloodlines
31:55 Castle Age
32:45 Husbandry
32:06 Light Cavalry
40:04 Stone Mining
41:40 Bow Saw
42:50 Gold Shaft Mining
42:36 Hand Cart
42:40 Heavy Plow
47:08 Imperial Age
我喜欢狐臭
3:23 Loom
15:15 Feudal Age
18:54 Bloodlines
22:46 Horse Collar
22:56 Double-Bit Axe
25:19 Forging
25:15 Scale Barding Armor
27:18 Scale Mail Armor
30:49 Castle Age
31:09 Wheelbarrow
32:23 Iron Casting
32:09 Chain Barding Armor
32:23 Husbandry
38:46 Hand Cart
38:17 Town Watch
38:52 Heavy Plow
44:51 Imperial Age
43:18 Chain Mail Armor
45:05 Coinage
48:08 Plate Barding Armor
48:27 Gold Mining
48:28 Stone Mining
49:23 Crop Rotation
49:09 Bow Saw
48:34 Elite Shrivamsha Rider
51:28 Plate Mail Armor
52:26 Heavy Camel Rider
56:50 Elite Chakram Thrower
57:54 Conscription
sundaye-peking
6:34 Loom
20:45 Feudal Age
25:55 Double-Bit Axe
32:20 Scale Mail Armor
35:24 Stone Mining
noob
4:36 Loom
19:13 Feudal Age
31:44 Fletching
40:11 Double-Bit Axe
45:26 Fishing Lines
53:30 Castle Age
51:51 Town Watch
52:17 Padded Archer Armor
52:26 Gold Mining
55:07 Gold Shaft Mining
54:45 Bow Saw
56:11 Bodkin Arrow
57:15 Leather Archer Armor
58:22 Horse Collar
59:45 Husbandry
60:37 Bloodlines
63:56 Scale Barding Armor
Connection lost

Rejoining the realm…

Still unreachable

The connection could not be restored.

Session expired

The server has moved on; the page needs a fresh start.